 Dungeon Crawl Stone Soup version 0.17-a0-1534-gf98da79 (webtiles) character file.

716 Malachi the Skirmisher (level 7, -6/55 HPs)
             Began as a Mummy Fighter on July 17, 2015.
             Was a Follower of Qazlal.
             Killed by divine providence
             ... invoked by an orc priest
              (15 damage)
             ... on level 4 of the Dungeon.
             The game lasted 00:04:53 (3542 turns).

Malachi the Skirmisher (Mummy Fighter)              Turns: 3542, Time: 00:04:53

Health: -6/55      AC: 14    Str: 22    XL:     7   Next: 41%
Magic:  7/7        EV:  6    Int:  7    God:    Qazlal [*.....]
Gold:   48         SH: 11    Dex: 11    Spells: 0 memorised, 6 levels left

rFire  x . .     SeeInvis +     i - +0 mace (drain)
rCold  + . .     Clarity  .     j - +0 chain mail
rNeg   + + +     SustAt   .     c - +0 shield
rPois  ∞         Gourm    .     g - +2 hat {SInv}
rElec  .         Spirit   .     (no cloak)
rCorr  .         Warding  .     (no gloves)
rMut   .         Stasis   .     (no boots)
MR     .....                    (no amulet)
Stlth  ..........               m - +3 ring of protection
                                e - ring of see invisible

@: not resistant to hostile enchantments, extremely unstealthy
A: no food or potions, fire vulnerability, cold resistance 1, negative energy
resistance 3, torment resistance, unbreathing
a: Renounce Religion


You were on level 4 of the Dungeon.
You worshipped Qazlal.
Qazlal was aware of your devotion.
You were not hungry.

You visited 1 branch of the dungeon, and saw 4 of its levels.

You collected 48 gold pieces.

Inventory:

Hand weapons
 a - a +0 flail
 i - a +0 mace of draining (weapon)
Armour
 b - a +0 scale mail
 c - a +0 shield (worn)
 g - a +2 hat of see invisible (worn)
 j - a +0 chain mail (worn)
Jewellery
 e - a ring of see invisible (left hand)
 m - a +3 ring of protection (right hand)
Magical devices
 o - a wand of magic darts (31)
 p - a wand of slowing (37)
Scrolls
 d - 6 scrolls of identify {unknown}
 f - 2 scrolls of fog {unknown}
 h - 4 scrolls of remove curse {unknown}
 k - a scroll of blinking {unknown}
 l - a scroll of amnesia {unknown}
 n - a scroll of immolation {unknown}


   Skills:
 + Level 4.6 Fighting
 + Level 3.0 Maces & Flails
 + Level 4.1 Armour
 + Level 2.3 Dodging
 + Level 0.1 Stealth
 + Level 4.1 Shields


You had 6 spell levels left.
You didn't know any spells.

Dungeon Overview and Level Annotations

Branches:
Dungeon (4/15)
 Temple: D:4-7

Altars:
Ashenzari
Qazlal
The Shining One


Innate Abilities, Weirdness & Mutations

You do not eat or drink.
Your flesh is vulnerable to fire.
You are immune to poison.
Your flesh is cold resistant.
You are immune to negative energy.
You are immune to unholy pain and torment.
You can survive without breathing.


Message History

The ogre closely misses you.
You hit the ogre but do no damage. You drain the ogre!
The ogre is moderately wounded.
The ogre hits you but does no damage.
The orc priest calls down the wrath of Beogh upon you.
Something smites you!
* * * LOW HITPOINT WARNING * * *
A kobold comes into view. It is wielding a hand axe.
The kobold shouts!
The kobold throws a stone.
You block the stone.
You see here a stone.
The kobold throws a stone.
The stone barely misses you.
The orc priest miscasts a cantrip.
The kobold throws a stone.
You block the stone.
Found a stone staircase leading down.
You see here a stone.
The kobold throws a stone.
You block the stone.
The orc priest calls down the wrath of Beogh upon you.
Something smites you!
You die...

........#.#...##
##.......
........._...##
#........
#..o.#.#.##
#........
#.....##
#.........
##....#
#....###...
#..(.## .#+#[
#...
##..(..#####..+
+. #...
#...O§O.......#
#...
#...(...@...K...
#.........!....##
#>).....?.....##
#.............#
##...(.........#
##########.(..>#
#..... #..(.


You could see 2 ogres, an orc priest and a kobold.

Vanquished Creatures
  Grinder (D:3)
  Sigmund (D:2)
  A phantom (D:4)
  The ghost of xgamer67 the Cudgeler, a weakling GrBe of Trog (D:3)
  A hound (D:4)
  Terence (D:2)
  A worker ant (D:4)
  10 adders
  5 worms
  A giant gecko (D:3)
  5 orcs (D:3)
  5 bats
  A bat skeleton (D:4)
  2 giant cockroaches
  4 goblins
  2 hobgoblins
  5 kobolds
  2 quokkas
  4 ball pythons
  4 giant newts
  11 rats
68 creatures vanquished.

Notes
Turn   | Place    | Note
--------------------------------------------------------------
     0 | D:1      | Malachi the Mummy Fighter began the quest for the Orb.
     0 | D:1      | Reached XP level 1. HP: 18/18 MP: 1/1
   405 | D:1      | Reached XP level 2. HP: 22/24 MP: 2/2
   624 | D:1      | Found a glowing golden altar of the Shining One.
   729 | D:2      | Noticed Terence
   750 | D:2      | Killed Terence
   750 | D:2      | Reached XP level 3. HP: 6/29 MP: 3/3
  1356 | D:2      | Found a shattered altar of Ashenzari.
  1382 | D:2      | Found a faded altar to an unknown god.
  1399 | D:2      | Reached XP level 4. HP: 33/35 MP: 4/4
  1670 | D:2      | Noticed Sigmund
  1695 | D:2      | Killed Sigmund
  1695 | D:2      | Reached skill level 4 in Fighting
  1695 | D:2      | Reached skill level 1 in Dodging
  1695 | D:2      | Reached XP level 5. HP: 19/42 MP: 5/5
  2117 | D:2      | Found a stormy altar of Qazlal.
  2143 | D:2      | Became a worshipper of Qazlal Stormbringer
  2374 | D:3      | Noticed xgamer67's ghost (weakling GrBe)
  2379 | D:3      | Reached XP level 6. HP: 48/48 MP: 6/6
  2387 | D:3      | Killed xgamer67's ghost
  2787 | D:3      | Acquired Qazlal's first power
  2799 | D:3      | Noticed Grinder
  2821 | D:3      | Paralysed by Grinder for 6 turns
  2823 | D:3      | Killed Grinder
  2823 | D:3      | Reached XP level 7. HP: 25/55 MP: 7/7
  3509 | D:4      | Found a glowing golden altar of the Shining One.
  3542 | D:4      | Killed from afar by an orc priest

Vault maps used:
D:1:      minmay_arrival_radiant_lines, minmay_misc_feat_columns, tso_altar
D:2:      grunt_qazlal_clouds, evilmike_ruin_ashenzari, ecumenical_altar_1,
          uniq_terence, uniq_sigmund
D:3:      uniq_grinder
D:4:      nicolae_overflow_quartered_altars, lemuel_crystal_altar,
          temple_fountains, first_bread, serial_shops, nicolae_shop_behind_doors

Action                   |  1- 3 |  4- 6 |  7- 9 || total
-------------------------+-------+-------+-------++-------
Melee: Flail             |    73 |       |       ||    73
       Mace              |    19 |   157 |    51 ||   227
Evoke: Wand              |       |       |     1 ||     1
